 Dungeon Crawl Stone Soup version 0.17-b1-15-g0f5fb43 (webtiles) character file.

31 Cookie the Sneak (level 3, -1/27 HPs)
             Began as a Demonspawn Assassin on Nov 6, 2015.
             Killed from afar by Sigmund (12 damage)
             ... with a puff of flame
             ... on level 2 of the Dungeon.
             The game lasted 00:02:29 (1008 turns).

Cookie the Sneak (Demonspawn Assassin)              Turns: 1008, Time: 00:02:29

Health: -1/27      AC:  3    Str: 11    XL:     3   Next: 7%
Magic:  3/3        EV: 11    Int: 12    God:
Gold:   82         SH:  0    Dex: 15    Spells: 0 memorised, 2 levels left

rFire  . . .     SeeInvis .     b - +0 blowgun
rCold  . . .     Clarity  .     c - +0 robe
rNeg   . . .     SustAt   .     (no shield)
rPois  .         Gourm    .     (no helmet)
rElec  .         Spirit   .     d - +0 cloak
rCorr  .         Warding  .     (no gloves)
rMut   .         Stasis   .     (no boots)
MR     .....                    (no amulet)
Stlth  +++.......               (no ring)
                                (no ring)

@: not resistant to hostile enchantments, fairly stealthy
A: rot immunity
a: no special abilities


You were on level 2 of the Dungeon.
You were not hungry.

You visited 1 branch of the dungeon, and saw 2 of its levels.

You collected 82 gold pieces.

Inventory:

Hand Weapons
 a - a +2 dagger
 b - a +0 blowgun (weapon)
Missiles
 e - 17 poisoned needles (quivered)
 f - 2 curare-tipped needles
Armour
 c - a +0 robe (worn)
 d - a +0 cloak (worn)
Scrolls
 i - a scroll of fog {unknown}
 l - a scroll of blinking {unknown}
Potions
 h - a potion of curing {unknown}
 j - a potion of cancellation {unknown}
 o - a potion of mutation {unknown}
Miscellaneous
 m - a plain deck of destruction
Comestibles
 g - a bread ration
 k - a slice of pizza
 n - 7 fruits
 p - a meat ration


   Skills:
 - Level 2.0 Fighting
 - Level 1.7 Short Blades
 - Level 1.7 Throwing
 - Level 0.8 Dodging
 + Level 4.7 Stealth


You had 2 spell levels left.
You didn't know any spells.

Dungeon Overview and Level Annotations

Branches:
Dungeon (2/15)

Altars:
Elyvilon
Fedhas
Makhleb
Nemelex Xobeh
Ru
Vehumet
Xom

Annotations:
D:2 Sigmund


Innate Abilities, Weirdness & Mutations

You are immune to rotting.


Message History

Firing (i - inventory. (,) - cycle):
e - 19 poisoned needles (quivered)
Press: ? - help, Shift-Dir - straight line, f/p - Sigmund
Aim: Sigmund, wielding a scythe and wearing a robe (moderately wounded, poisoned)
You shoot a poisoned needle.
The poisoned needle barely misses Sigmund.
Firing (i - inventory. (,) - cycle):
e - 18 poisoned needles (quivered)
Press: ? - help, Shift-Dir - straight line, f/p - Sigmund
Aim: Sigmund, wielding a scythe and wearing a robe (moderately wounded, poisoned)
You shoot a poisoned needle.
The poisoned needle completely misses Sigmund.
Firing (i - inventory. (,) - cycle):
e - 17 poisoned needles (quivered)
Press: ? - help, Shift-Dir - straight line, f - you
Okay, then.
There is a stone staircase leading down here.
Sigmund points at you and mumbles some strange words.
The puff of flame hits you!
Sigmund says, "Now you see me, now you don't..."
Sigmund casts a spell at you. The puff of flame hits you!
You die...

############.# #..####
#...>.....##.# ##...((((
#.........##.# ####..#
#.........##.###### #..>.##
#.................####.##########
#<........._.####.....)....†....#
#.....<.†...########...########..
......####......###@.### ####
......# ##.÷....@...## ###_##
(.....# #.........#### ###.....
......# #............# ###.......
......###.........##.###_....[#..
..................##...#....#...#
......###..............#..#......
......# #.........#....'.........
####..# ##.......##....'.........
##.# #......####...#..#......


You could see Sigmund.

Vanquished Creatures
  An ooze (D:2)
  A worm (D:1)
  A ball python (D:2)
  A bat (D:2)
  A giant cockroach (D:1)
  2 goblins
  4 hobgoblins
  A kobold (D:1)
  2 giant newts
  4 jackals (D:1)
  4 rats
22 creatures vanquished.

Notes
Turn   | Place    | Note
--------------------------------------------------------------
     0 | D:1      | Cookie the Demonspawn Assassin began the quest for the Orb.
     0 | D:1      | Reached XP level 1. HP: 16/16 MP: 1/1
    14 | D:1      | Found a shimmering altar of Xom.
   157 | D:1      | Reached skill level 4 in Stealth
   272 | D:1      | Gained mutation: You are immune to rotting. [demonic ancestry]
   272 | D:1      | Reached XP level 2. HP: 22/22 MP: 2/2
   774 | D:2      | Found a sparkling altar of Nemelex Xobeh.
   925 | D:2      | Found a blossoming altar of Fedhas.
   925 | D:2      | Found a white marble altar of Elyvilon.
   925 | D:2      | Found a sacrificial altar of Ru.
   925 | D:2      | Found a shimmering altar of Xom.
   939 | D:2      | Reached XP level 3. HP: 23/27 MP: 3/3
   948 | D:2      | Found a radiant altar of Vehumet.
   948 | D:2      | Found a burning altar of Makhleb.
   991 | D:2      | Noticed Sigmund
  1008 | D:2      | Killed from afar by Sigmund

Action                   || total
-------------------------++-------
Melee: Dagger            ||    42
 Fire: Blowgun           ||    25
 Stab: Sleeping          ||    10
       Distracted        ||     1
